 Dungeon Crawl Stone Soup version 0.26.1-11-gd32895ea62 (webtiles) character file.

Game seed: 2344917576196724272

49 nothank2 the Sneak (level 3, 0/18 HPs)
             Began as a Vine Stalker Brigand on June 6, 2021.
             Slain by a gnoll
             ... wielding a +0 flail
              (1 damage)
             ... on level 1 of the Dungeon.
             The game lasted 00:06:09 (1532 turns).

nothank2 the Sneak (Vine Stalker Brigand)           Turns: 1532, Time: 00:06:10

Health: 0/18       AC:  4    Str: 13    XL:     3   Next: 75%
Magic:  0/4        EV: 11    Int: 11    God:
Gold:   49         SH:  0    Dex: 16    Spells: 2/2 levels left

rFire    . . .     SeeInvis .   a - +2 dagger
rCold    + . .     Faith    .   (no shield)
rNeg     . . .     Spirit   +   j - +1 robe {Will+}
rPois    .         Reflect  .   (no helmet)
rElec    .         Harm     .   c - +0 cloak
rCorr    .         Rampage  .   (no gloves)
Will     +....                  (no boots)
Stlth    +.........             i - amulet of the acrobat
HPRegen  0.06/turn              p - ring of protection from cold
MPRegen  0.09/turn              o - ring of wizardry

@: confused
A: fangs 2, magic shield, antimagic bite, no potion heal 3
a: no special abilities


You were on level 1 of the Dungeon.
You visited 1 branch of the dungeon, and saw 2 of its levels.

You collected 49 gold pieces.

Inventory:

Hand Weapons
 a - a +2 dagger (weapon)
Missiles
 d - 6 poisoned darts (quivered)
 e - 4 curare-tipped darts
Armour
 b - a +0 robe
 c - a +0 cloak (worn)
 j - a +1 robe of willpower (worn)
Jewellery
 h - an uncursed ring of fire
 i - an amulet of the acrobat (around neck)
 o - a ring of wizardry (right hand)
 p - a ring of protection from cold (left hand)
Scrolls
 g - a scroll of identify
 k - a scroll of random uselessness {unknown}
 m - a scroll of teleportation {unknown}
Potions
 l - a potion of attraction {unknown}
 n - a potion of haste {unknown}


   Skills:
 - Level 1.7 Fighting
 - Level 1.7 Short Blades
 - Level 1.7 Throwing
 - Level 0.7 Dodging
 + Level 6.7 Stealth


You had 2 spell levels left.
You didn't know any spells.
Your spell library was empty.

Dungeon Overview and Level Annotations

Branches:
Dungeon (2/15)

Altars:
Yredelemnul


Innate Abilities, Weirdness & Mutations

You have extremely sharp teeth.
When hurt, damage is shared between your health and your magic reserves.
Your bite disrupts and absorbs the magic of your enemies.
Potions cannot restore your health.


Message History

Press: ? - help, Q - select action, (/) - cycle Shift-Dir - straight line, f/p - gnoll
Aim: a gnoll (almost dead, 63% to hit)
You throw a poisoned dart.
The poisoned dart barely misses the gnoll.
The poisoned dart hits the gnoll.
The gnoll is poisoned.
The gnoll is almost dead.
You kill the gnoll!
You see here a hobgoblin skeleton.
There is a stone staircase leading up here.
The gnoll barely misses you.
You climb upwards.
There is a stone staircase leading down here.
It was a potion of ambrosia.
You are confused.
Your system rejects the healing.
You feel invigorated. The gnoll barely misses you.
You're too confused to move!
The gnoll hits you with a +0 flail!
* * * LOW HITPOINT WARNING * * *
You miss the gnoll. The gnoll hits you with a +0 flail.
You die...

....†..#......#.##########.......
...###.##.###.#.######## #.....).
...# #.##...#+#........# #......)
.(.# #.###.....#######.# #.......
...# #...'.....# #.# #.......
.### #####.....#######.# #..(....
..# #............##.###.......
.#######.[..........'.......#####
...)............@...###.###.#
.#..............g...# #...#.#
....................# ###.#.#
.#......############# #.#.#
........#################.#.##
.#...............##..........#
.................##.......(..#
.................##..........#
.................##..........#


You could see a gnoll.

Vanquished Creatures
  A gnoll (D:2)
  3 dart slugs
  2 giant cockroaches (D:1)
  6 goblins (D:1)
  4 hobgoblins
  3 kobolds
  A ball python (D:1)
  6 bats
  2 frilled lizards
  2 rats
30 creatures vanquished.

Notes
Turn   | Place    | Note
-------+----------+-------------------------------------------
     0 | D:1      | nothank2 the Vine Stalker Brigand began the quest for the
                  | Orb.
     0 | D:1      | Reached XP level 1. HP: 11/11 MP: 2/2
    23 | D:1      | Reached skill level 5 in Stealth
   231 | D:1      | Reached XP level 2. HP: 13/15 MP: 3/3
   685 | D:1      | Reached skill level 6 in Stealth
   772 | D:1      | Reached XP level 3. HP: 15/18 MP: 2/4
  1344 | D:2      | Found a basalt altar of Yredelemnul.
  1532 | D:1      | Slain by a gnoll

Illustrated notes

Levels and vault maps discovered:
D:1:      tarquinn_simple_flora_water_a, layout_basic, st_stairs_9,
          minmay_misc_feat_enclosed, chequers_serial_rivers_marsh,
          hangedman_decor_push, minmay_octomino_c4
D:2:      layout_loops_ring, nicolae_overflow_hidden_temple

Skill      XL: |  1  2 |
---------------+-------+-----
Stealth        | 5 6 |  6.7
Fighting       | |  1.7
Short Blades   | |  1.7
Throwing       | |  1.7
Dodging        | |  0.7

Action                   || total
-------------------------++-------
Melee: Dagger            ||    85
       Bite              ||    19
Throw: Dart              ||     2
  Use: Scroll            ||     1
       Potion            ||     1
 Stab: Sleeping          ||     8
       Distracted        ||     2
Armor: Robe              ||    26
Dodge: Dodged            ||    52
